 Dungeon Crawl Stone Soup version 0.31-a0-1278-g11c5b68f87 (webtiles) character file.

Game seed: 4338763821499708251

190 clenchingflame the Cudgeller (level 5, 0/55 HPs)
             Began as an Ogre Gladiator on Dec 18, 2023.
             Was a Follower of Nemelex Xobeh.
             Slain by Edmund
             ... wielding a +0 flail of protection
              (12 damage)
             ... on level 3 of the Dungeon.
             The game lasted 00:17:51 (3074 turns).

clenchingflame the Cudgeller (Ogre Gladiator)       Turns: 3074, Time: 00:17:51

Health: 0/55       AC:  3    Str: 17 (20) XL:     5   Next: 69%
Magic:  6/6        EV: 10    Int:  6 (9)  God:    Nemelex Xobeh [*.....]
Gold:   97         SH:  4    Dex:  8 (10) Spells: 2/4 levels left

rFire   . . .        a - +0 flail
rCold   . . .        (no shield)
rNeg    . . .        b - +0 robe
rPois   .            c - +0 hat
rElec   .            (no cloak)
rCorr   .            (gloves unavailable)
SInv    .            (boots unavailable)
Will    .....        s - amulet of regeneration
Stlth   +            (no ring)
HPRegen 1.09/turn    (no ring)
MPRegen 0.10/turn

%: no passive effects
@: no status effects
A: large, unfitting armour, tough skin 1, large bone plates 1, MP-powered wands
a: Renounce Religion, Draw Escape, Draw Destruction, Draw Summoning


You were on level 3 of the Dungeon.
You worshipped Nemelex Xobeh.
Nemelex Xobeh was aware of your devotion.
You visited 1 branch of the dungeon, and saw 4 of its levels.

You collected 97 gold pieces.

Inventory:

Hand Weapons
 a - a +0 flail (weapon)
Missiles
 d - 3 throwing nets (quivered)
 e - a large rock
 f - 31 stones
Armour
 b - a +0 robe (worn)
 c - a +0 hat (worn)
Jewellery
 g - an amulet of magic regeneration
 s - an amulet of regeneration (around neck)
 x - a +6 ring of dexterity
Talismans
 p - a serpent talisman
Wands
 v - a wand of iceblast (7)
Scrolls
 h - 2 scrolls of revelation {unknown}
 i - 2 scrolls of amnesia {unknown}
 k - a scroll of noise {unknown}
 l - 3 scrolls of identify {unknown}
 m - a scroll of blinking {unknown}
 o - 2 scrolls of fear {unknown}
 w - a scroll of poison {unknown}
Potions
 j - a potion of might
 n - a potion of ambrosia
 z - a potion of enlightenment {unknown}


   Skills:
 + Level 4.5 Fighting
 * Level 4.5 Maces & Flails
 - Level 2.0 Throwing
 - Level 2.6 Dodging
 + Level 0.1 Translocations
 - Level 2.0 Invocations


You had 2 spell levels left.
You knew the following spells:

 Your Spells              Type           Power      Damage    Failure   Level
a - Blink                 Tloc           0%         N/A       58%         2

Your spell library contained the following spells:

 Spells                   Type           Power      Damage    Failure   Level
 Shock                    Conj/Air       0%         1d3       45%         1
 Lesser Beckoning         Tloc           0%         N/A       58%         2
 Momentum Strike          Conj/Tloc      0%         3d8       58%         2
 Sublimation of Blood     Necr           0%         N/A       58%         2
 Dazzling Flash           Conj/Hex       0%         N/A       83%         3
 Swiftness                Air            0%         N/A       83%         3
 Volatile Blastmotes      Fire/Tloc      0%         2d10      83%         3
 Airstrike                Air            0%         2d(0-16)  99%         4
 Petrify                  Tmut/Erth      0%         N/A       99%         4
 Irradiate                Conj/Tmut      0%         3d11      100%        5
 Starburst                Conj/Fire      0%         6d3       100%        6
 Maxwell's Capacitive Co  Air            0%         ∞         100%        8


Dungeon Overview and Level Annotations

Branches:
Dungeon (4/15)
 Temple: D:4-7

Altars:
Kikubaaqudgha
Makhleb
Nemelex Xobeh

Shops:
D:1 ?

Annotations:
D:3 Edmund


Innate Abilities, Weirdness & Mutations

You are too large for most types of armour.
You have tough skin. (AC +1)
You are partially covered in large bone plates. (SH +4)
You expend magic power (3 MP) to strengthen your wands.


Message History

Edmund is heavily wounded.
Edmund closely misses you.
You hit Edmund.
Edmund is heavily wounded.
You block Edmund's attack.
You hit Edmund but do no damage.
Edmund is heavily wounded.
Edmund misses you. Edmund barely misses you.
You hit Edmund but do no damage.
Edmund is heavily wounded.
Edmund hits you with a +0 flail of protection.
You hit Edmund but do no damage.
Edmund is heavily wounded.
Edmund barely misses you.
You hit Edmund but do no damage.
Edmund is heavily wounded.
Edmund hits you with a +0 flail of protection.
You hit Edmund but do no damage.
Edmund is heavily wounded.
Edmund hits you with a +0 flail of protection.
You closely miss Edmund.
Edmund is heavily wounded.
You block Edmund's attack.
Edmund hits you with a +0 flail of protection.
You hit Edmund but do no damage.
Edmund is heavily wounded.
Edmund hits you with a +0 flail of protection!
* * * LOW HITPOINT WARNING * * *
You hit Edmund but do no damage.
Edmund is heavily wounded.
Edmund hits you with a +0 flail of protection.
* * * LOW HITPOINT WARNING * * *
Edmund attacks as he pursues you!
Edmund hits you with a +0 flail of protection.
* * * LOW HITPOINT WARNING * * *
Edmund attacks as he pursues you!
Edmund hits you with a +0 flail of protection!
You die...
Edmund whines, "They better pay attention to me now!"
Your body disappears without a glow.

#..).......##.........
############..........'......#.##
......................###.####.#.
########..............###.# #.#.
#.................##..# #.#.
##+##..............##.## #.#.
#.....<............##.# #.#.
#........####@.#####..# #...
####...........#@.###...## ###.
..##.......###.#..##..####### #.
#'##......@# #.#)...........# #.
...........###.#)##.#######.# #.
...........'...#.)..# #.# #.
...........#####)#### #.# #.
.............@...#### #.####.
......#.######......# #)#....
#####.#.# ####..###'### #.#.###


You could see Edmund.

Vanquished Creatures
  An orc priest (D:3)
  An orc wizard (D:3)
  Robin (D:3)
  4 adders
  3 worms
  A dart slug (D:2)
  6 orcs (D:3)
  4 bats
  3 endoplasms
  A giant cockroach (D:3)
  13 goblins
  9 hobgoblins
  10 jackals
  3 kobolds (D:3)
  A ball python (D:1)
  5 frilled lizards
  4 rats
70 creatures vanquished.

Notes
Turn   | Place    | Note
-------+----------+-------------------------------------------
     0 | D:1      | clenchingflame the Ogre Gladiator began the quest for the
                  | Orb.
     0 | D:1      | Reached XP level 1. HP: 22/22 MP: 1/1
   444 | D:1      | Reached XP level 2. HP: 18/31 MP: 2/2
   633 | D:1      | Found Kemets's Magic Scroll Shop.
   891 | D:1      | Reached XP level 3. HP: 37/37 MP: 3/3
  1184 | D:2      | Learned a level 2 spell: Blink
  1525 | D:2      | Found a faded altar of an unknown god.
  1538 | D:2      | Prayed at the altar of an unknown god.
  1538 | D:2      | Became a worshipper of Nemelex Xobeh the Trickster
  1538 | D:2      | Reached * piety under Nemelex Xobeh
  1924 | D:2      | Received a gift from Nemelex Xobeh
  2004 | D:3      | Reached XP level 4. HP: 48/48 MP: 4/4
  2041 | D:3      | Noticed Robin
  2050 | D:3      | Killed Robin
  2051 | D:3      | Reached skill level 1 in Invocations
  2164 | D:3      | Reached XP level 5. HP: 54/54 MP: 4/6
  2184 | D:3      | Found an ancient bone altar of Kikubaaqudgha.
  2696 | D:3      | Found a burning altar of Makhleb.
  2957 | D:4      | Noticed Edmund
  2994 | D:3      | Gained mutation: You are partially covered in large bone
                  | plates. (SH +4) [potion of mutation]
  2994 | D:3      | Gained mutation: You expend magic power (3 MP) to
                  | strengthen your wands. [potion of mutation]
  3074 | D:3      | Slain by Edmund

Illustrated notes

Levels and vault maps discovered:
D:1:      onia_arrival_mini_spirals, layout_basic, serial_shops,
          nicolae_shop_rolled_up, st_stairs_13
D:2:      layout_loops_corners, shapermc_ecumenical_altar_hornbeckon
D:3:      layout_basic, mainiacjoe_overflow_catch_the_wave, serial_bayou_pond_b,
          uniq_robin
D:4:      layout_rooms, supply_closet_lemuel, goddamned_bats, uniq_edmund,
          uniq_sigmund, uniq_ijyb

Skill      XL: |  1  2  3  4  5 |
---------------+----------------+-----
Maces & Flails | 3 4 |  4.5
Fighting       | 3 4 |  4.5
Invocations    | 1 2 |  2.0
Throwing       | |  2.0
Dodging        | |  2.6
Translocations | |  0.1

Action                     |  1- 3 |  4- 6 || total
---------------------------+-------+-------++-------
  Melee: Flail             |    92 |   148 ||   240
         Punch             |     1 |     3 ||     4
 Invoke: Draw Destruction  |     1 |     3 ||     4
    Use: Potion            |       |     6 ||     6
   Stab: Sleeping          |     1 |       ||     1
 Armour: Robe              |    58 |   133 ||   191
  Dodge: Dodged            |    49 |   107 ||   156
  Block: Other             |       |     6 ||     6

Table legend: (Time is in decaauts)
 A = Elapsed time spent in this place.
 B = Non-inter-level travel time spent in this place.
 C = Inter-level travel time spent in this place.
 D = Time resting spent in this place.
 E = Time spent auto-exploring this place.
 F = Levels seen in this place.
 G = Mean time per level.
                   A        B        C        D        E       F      G
               +--------+--------+--------+--------+--------+-----+--------+
         Total |   3125 |   3022 |    103 |    185 |   2157 |   4 |  781.2 |
       Dungeon |   3125 |   3022 |    103 |    185 |   2157 |   4 |  781.2 |
               +--------+--------+--------+--------+--------+-----+--------+

Top non-repeatable levels by time:
     D:3: 1117 daAuts
     D:1: 1079 daAuts
     D:2: 919 daAuts
     D:4: 9 daAuts
